 Dungeon Crawl Stone Soup version 0.26.1-11-gd32895ea62 (webtiles) character file.

Game seed: 6507607072273311602

5230 buriedalive the Nimble (level 10, -1/56 HPs)
             Began as a Deep Elf Conjurer on Apr 21, 2021.
             Was a Follower of Ashenzari.
             Slain by a vampire (6 damage)
             ... on level 9 of the Dungeon.
             The game lasted 00:25:39 (13041 turns).

buriedalive the Nimble (Deep Elf Conjurer)         Turns: 13041, Time: 00:25:40

Health: -1/56      AC: 10    Str:  4    XL:     10   Next: 35%
Magic:  14/19      EV: 20    Int: 33    God:    Ashenzari [*.....]
Gold:   117        SH:  0    Dex: 15    Spells: 7/19 levels left

rFire    + . .     SeeInvis .   t - +10 hand axe "Ulafor" {venom, rPois rC+ Int+6 Dex-4}
rCold    + + .     Faith    .   (no shield)
rNeg     . . .     Spirit   .   n - +2 robe {Will+} (curse)
rPois    +         Reflect  .   e - +1 helmet (curse)
rElec    .         Harm     .   g - +0 cloak (curse)
rCorr    .         Rampage  .   c - +1 pair of gloves (curse)
Will     ++...                  (no boots)
Stlth    ++........             (no amulet)
HPRegen  0.18/turn              A - +6 ring of dexterity
MPRegen  0.16/turn              y - ring of protection from cold

@: no status effects
A: blurry vision 1, fire resistance 1, shaggy fur 1
a: Renounce Religion, Curse Item, Scrying


You were on level 9 of the Dungeon.
You worshipped Ashenzari.
Ashenzari was aware of your devotion.
You visited 2 branches of the dungeon, and saw 10 of its levels.
You also visited: Ossuary.

You collected 477 gold pieces.
You spent 360 gold pieces at shops.

Inventory:

Hand Weapons
 b - a +0 whip
 k - a +0 dagger of protection
 t - the +10 hand axe "Ulafor" (weapon) {venom, rPois rC+ Int+6 Dex-4}
   (You found it on level 5 of the Dungeon)

   It poisons the flesh of those it strikes.
   It affects your intelligence (+6).
   It affects your dexterity (-4).
   It protects you from cold.
   It protects you from poison.
Missiles
 d - 304 stones
 w - 10 poisoned darts
Armour
 a - a +0 robe
 c - a cursed +1 pair of gloves (worn)
 e - a cursed +1 helmet (worn)
 g - a cursed +0 cloak (worn)
 n - a cursed +2 robe of willpower (worn)
 D - a +3 leather armour of poison resistance
 F - a +1 cloak
Jewellery
 o - an uncursed ring of stealth
 y - a ring of protection from cold (right hand)
 A - a +6 ring of dexterity (left hand)
Wands
 m - a wand of disintegration (38)
 s - a wand of polymorph (9)
 x - a wand of enslavement (1)
 z - a wand of paralysis (7)
Scrolls
 f - 7 scrolls of remove curse
 p - 2 scrolls of teleportation
 E - a scroll of brand weapon {unknown}
Potions
 h - a potion of haste
 i - 3 potions of ambrosia
 j - a potion of flight
 l - 2 potions of might
 q - a potion of berserk rage
 u - 5 potions of brilliance
 v - a potion of cancellation
 B - 2 potions of magic {unknown}
 C - 2 potions of invisibility {unknown}
 G - a potion of mutation


   Skills:
 + Level 3.4 Fighting
 - Level 11.1 Dodging
 - Level 2.4 Stealth
 - Level 5.0 Spellcasting
 - Level 10.0 Conjurations
 - Level 8.0 Hexes
 + Level 5.1 Necromancy


You had 7 spell levels left.
You knew the following spells:

 Your Spells              Type           Power        Failure   Level
a - Magic Dart            Conj           100%         1%          1
b - Searing Ray           Conj           100%         1%          2
c - Fulminant Prism       Conj/Hex       30%          1%          4
d - Animate Skeleton      Necr           84%          1%          1
e - Animate Dead          Necr           21%          6%          4

Your spell library contained the following spells:

 Spells                   Type           Power        Failure   Level
 Corona                   Hex            63%          1%          1
 Pain                     Necr           100%         1%          1
 Dazzling Flash           Conj/Hex       100%         1%          3
 Vampiric Draining        Necr           21%          1%          3
 Apportation              Tloc           16%          4%          1
 Summon Small Mammal      Summ           32%          4%          1
 Iskenderun's Mystic Bla  Conj/Tloc      41%          6%          4
 Agony                    Necr           42%          16%         5


Dungeon Overview and Level Annotations

Branches:
Dungeon (9/15)             Temple (1/1) D:4         Ossuary (visited)
   Lair: D:8-11         Orc: D:9-12

Altars:
Ashenzari
Cheibriados
Elyvilon
Fedhas
Gozag
Hepliaklqana
Kikubaaqudgha
Nemelex Xobeh
Okawaru
Qazlal
Ru
Uskayaw
Vehumet
Wu Jian
Xom
Yredelemnul
Zin
The Shining One
Lugonu

Shops:
D:7 :[

Annotations:
D:5 3 runed translucent doors, exclusion: oklob plant, chaostorm's ghost, novice MiFi


Innate Abilities, Weirdness & Mutations

Scrolls take you a little longer to read.
Your flesh is heat resistant. (rF+)
You are covered in fur. (AC +1)


Message History

Something hits your bullfrog zombie.
Your bullfrog zombie is destroyed!
Casting: Animate Dead (dangerous; 6% risk of failure)
Confirm with . or Enter, or press ? or * to list all spells.
You can't see any susceptible monsters within range! (Use Z to cast anyway.)
Casting: Animate Dead (dangerous; 6% risk of failure)
Confirm with . or Enter, or press ? or * to list all spells.
Aiming: Searing Ray (safe; 1% risk of failure)
Press: ? - help, Shift-Dir - straight line The searing ray hits something. (Press . to maintain the ray.)
Your killer bee zombie closely misses something.
Your ogre zombie closely misses something.
Your killer bee zombie barely misses something.
Unholy energy fills the air.
* * * LOW HITPOINT WARNING * * *
The searing ray hits something.
Your killer bee zombie misses something.
Something hits you but does no damage. Something bites you.
You die...

.........
##.......§≈#
#...8....§.+
.........≈#
......y.§# . ##
#..##...≈#
....##.##Z.##...§##
.......@{..##.#.≈≈##
.......##Z......>..#
.#####. #.###.##.#.#
.... #.##.)# #
...##.##..##.#.##
..................
#####.##.##..##.#.#.
...##.#............
........<...........


You could see a friendly killer bee zombie and a friendly ogre zombie.

Vanquished Creatures
  A two-headed ogre (D:9)
  Joseph (D:7)
  Sigmund (D:4)
  Edmund (D:4)
  An ice beast (D:5)
  2 orc warriors (D:6)
  A phantom (D:5)
  4 ogres
  2 centaurs
  2 elf zombies (Ossuary)
  A big kobold (D:7)
  5 bullfrogs
  Blork the orc (D:4)
  A gnoll sergeant (D:5)
  A water moccasin skeleton (D:7)
  A scorpion (D:4)
  7 killer bees
  8 wights
  A howler monkey (D:6)
  4 centaur zombies
  2 bullfrog zombies
  7 orc priests
  Crazy Yiuf (D:7)
  7 hounds
  4 bullfrog skeletons
  A gnoll shaman (D:7)
  2 jellies (D:2)
  5 orc wizards
  4 iguanas
  2 worker ants
  A big kobold zombie (Ossuary)
  2 mummies (Ossuary)
  11 gnolls
  2 howler monkey skeletons
  9 adders
  8 river rats (D:8)
  5 shadow imps
  A white imp (D:6)
  2 ufetubi
  11 oozes
  An adder zombie (Ossuary)
  3 adder skeletons
  A worm (D:2)
  3 leopard geckos
  18 orcs
  2 ball pythons (D:4)
  5 bats
  9 giant cockroaches
  4 goblins
  6 hobgoblins
  3 jackals
  19 kobolds
  2 quokkas (D:3)
  4 frilled lizards
  3 goblin zombies (Ossuary)
  8 hobgoblin zombies (Ossuary)
  7 kobold zombies (Ossuary)
  A leopard gecko skeleton (D:6)
  11 orc zombies (Ossuary)
  17 rats
  2 rat zombies (Ossuary)
262 creatures vanquished.

Vanquished Creatures (collateral kills)
  A hornet zombie (D:9)
1 creature vanquished.

Vanquished Creatures (others)
  5 fungi (D:2)
  A plant (D:3)
  22 toadstools
28 creatures vanquished.

Grand Total: 291 creatures vanquished

Notes
Turn   | Place    | Note
-------+----------+-------------------------------------------
     0 | D:1      | buriedalive the Deep Elf Conjurer began the quest for the
                  | Orb.
     0 | D:1      | Reached XP level 1. HP: 10/10 MP: 6/6
   430 | D:1      | Reached XP level 2. HP: 15/15 MP: 5/8
   808 | D:1      | Learned a level 2 spell: Searing Ray
  1168 | D:2      | Reached skill level 3 in Dodging
  1247 | D:2      | Reached XP level 3. HP: 19/19 MP: 3/10
  1677 | D:2      | Reached skill level 5 in Conjurations
  1677 | D:2      | Reached XP level 4. HP: 24/24 MP: 6/12
  2163 | D:2      | Reached skill level 4 in Dodging
  2279 | D:2      | Reached XP level 5. HP: 23/28 MP: 10/14
  2405 | D:2      | Reached skill level 5 in Spellcasting
  2892 | D:3      | Reached skill level 5 in Dodging
  3167 | D:3      | Found a faded altar of an unknown god.
  3173 | D:3      | Reached XP level 6. HP: 32/32 MP: 11/15
  3336 | D:3      | Found a hazy altar of Hepliaklqana.
  3473 | D:3      | Found a transporter.
  3492 | D:3      | Found a transporter.
  4125 | D:4      | Noticed Sigmund
  4129 | D:4      | Killed Sigmund
  4130 | D:4      | Reached skill level 6 in Dodging
  4130 | D:4      | Reached XP level 7. HP: 31/36 MP: 9/16
  4206 | D:4      | Gained mutation: You are covered in fur. (AC +1) [potion of
                  | mutation]
  4206 | D:4      | Gained mutation: Scrolls take you a little longer to read.
                  | [potion of mutation]
  4206 | D:4      | Gained mutation: Your flesh is heat resistant. (rF+)
                  | [potion of mutation]
  4363 | D:4      | Found a staircase to the Ecumenical Temple.
  4458 | Temple   | Entered the Ecumenical Temple
  4475 | Temple   | Became a worshipper of Ashenzari the Shackled
  4573 | D:4      | Noticed Edmund
  4587 | D:4      | Killed Edmund
  4588 | D:4      | Reached skill level 7 in Dodging
  4613 | D:5      | Entered Level 5 of the Dungeon
  5011 | D:4      | Found an ornate altar of the Wu Jian Council.
  5298 | D:4      | Learned a level 4 spell: Fulminant Prism
  5307 | D:4      | Found an iron altar of Okawaru.
  5322 | D:4      | Noticed Blork the orc
  5327 | D:4      | Killed Blork the orc
  5328 | D:4      | Reached skill level 1 in Hexes
  5328 | D:4      | Reached XP level 8. HP: 36/41 MP: 11/17
  5637 | D:5      | Reached skill level 8 in Dodging
  5677 | D:5      | Found a runed translucent gate.
  5677 | D:5      | Found a runed translucent gate.
  5774 | D:5      | Found a runed translucent gate.
  5775 | D:5      | Got the hand axe "Ulafor" {venom, rPois rC+ Int+6 Dex-4}
  5776 | D:5      | Identified the +10 hand axe "Ulafor" {venom, rPois rC+
                  | Int+6 Dex-4} (You found it on level 5 of the Dungeon)
  5820 | D:5      | Noticed chaostorm's ghost (novice MiFi)
  6065 | D:5      | Found a stormy altar of Qazlal.
  6354 | D:5      | Found a blossoming altar of Fedhas.
  6370 | D:5      | Noticed an oklob plant
  7281 | D:6      | Reached skill level 9 in Dodging
  7534 | D:6      | Reached skill level 5 in Hexes
  7727 | D:6      | Reached XP level 9. HP: 39/45 MP: 13/18
  8645 | D:6      | Found a sparkling altar of Nemelex Xobeh.
  8645 | D:6      | Found a glowing silver altar of Zin.
  8926 | D:7      | Reached * piety under Ashenzari
  8950 | D:7      | Found a runed translucent door.
  8951 | D:7      | Noticed Crazy Yiuf
  9211 | D:7      | Found Xeereuf's Armour Emporium.
  9564 | D:7      | Reached skill level 10 in Dodging
  9643 | D:7      | Reached skill level 10 in Conjurations
 10297 | D:7      | Noticed Joseph
 10318 | D:7      | Killed Joseph
 10319 | D:7      | Reached skill level 11 in Dodging
 10552 | D:7      | Found Leriy's Book Shoppe.
 10566 | D:7      | Bought a book of Necromancy for 360 gold pieces
 10568 | D:7      | Learned a level 1 spell: Animate Skeleton
 10573 | D:7      | Learned a level 4 spell: Animate Dead
 10735 | D:7      | Found a sacrificial altar of Ru.
 10878 | D:7      | Killed Crazy Yiuf
 10945 | D:8      | Found a radiant altar of Vehumet.
 10954 | D:8      | Reached skill level 1 in Necromancy
 11106 | D:8      | Found a sand-covered staircase.
 11112 | Ossuary  | Entered an ossuary
 11836 | Ossuary  | Reached skill level 1 in Fighting
 11915 | Ossuary  | Reached XP level 10. HP: 51/52 MP: 8/19
 12488 | D:8      | Found an ancient bone altar of Kikubaaqudgha.
 12990 | D:9      | Noticed a two-headed ogre
 13004 | D:9      | Killed a two-headed ogre
 13021 | D:9      | Reached skill level 5 in Necromancy
 13041 | D:9      | Slain by a vampire

Illustrated notes

Levels and vault maps discovered:
D:1:      evilmike_arrival_plus, layout_basic
D:2:      cheibrodos_fertilizer, layout_loops_ring
D:3:      gammafunk_wand_slinger, layout_loops_ring, nzn_hepliaklqana_mist_gate,
          chequers_ecumenical_altar_simple_redux, kennysheep_generic_room_16
D:4:      layout_rooms, nzn_wu_jian_council_hall, okawaru_trees_2,
          minmay_temple_entry_sparse_star, minmay_box_of_dots, uniq_edmund,
          uniq_sigmund, uniq_blork_the_orc
D:5:      layout_rooms, tgw_fedhas, nicolae_qazlal_eye_of_the_storm,
          ebering_ghost_rock_garden, hangedman_decor_clover_reticule
D:6:      layout_layer_cave, gammafunk_temple_overflow_statue
D:7:      layout_layer_cave, kennysheep_little_box, serial_shops, shop,
          nicolae_shop_stone, uniq_joseph, uniq_crazy_yiuf_cottage
D:8:      layout_basic, lemuel_crystal_altar, lemuel_doored_altar,
          enter_ossuary_1, dk_rats_in_the_wall
D:9:      layout_basic, nicolae_dithmenos_the_darkroom, lightli_temple_of_fire,
          demons_altar, serial_undead, serial_undead_a, serial_undead_a,
          serial_undead_c, serial_undead_d, serial_undead_d, uniq_pikel
Temple:   corrupted_temple

Skill      XL: |  1  2  3  4  5  6  7  8  9 10 |
---------------+-------------------------------+-----
Dodging        | 3 4 5 6 7 9 11 | 11.1
Spellcasting   | 4 5 |  5.0
Conjurations   | 5 6 8 9 10 | 10.0
Hexes          | 1 5 8 |  8.0
Necromancy     | 2 5 |  5.1
Fighting       | 1 3 |  3.4
Stealth        | |  2.4

Action                   |  1- 3 |  4- 6 |  7- 9 | 10-12 || total
-------------------------+-------+-------+-------+-------++-------
Melee: Dagger            |       |     3 |     2 |       ||     5
       Hand axe          |       |       |    30 |    16 ||    46
Throw: Dart              |       |       |     1 |       ||     1
 Cast: Magic Dart        |    38 |    10 |    59 |     1 ||   108
       Searing Ray       |     3 |    34 |   108 |    25 ||   170
       Animate Dead      |       |       |       |     1 ||     1
Invok: Curse Item        |       |       |     4 |       ||     4
Evoke: Wand              |       |       |     5 |     3 ||     8
  Use: Scroll            |       |     3 |    12 |     3 ||    18
       Potion            |       |       |     5 |     3 ||     8
 Stab: Sleeping          |       |       |     1 |       ||     1
Armor: Robe              |     1 |     1 |    41 |    10 ||    53
Dodge: Dodged            |     1 |    10 |   122 |    52 ||   185
